 Dungeon Crawl Stone Soup version 0.26-a0-971-g1d9d62bb61 (webtiles) character file.

Game seed: 10735711256385236489

56 sahdkjhfkaj the Grave Robber (level 3, -2/24 HPs)
             Began as a Mummy Necromancer on Dec 5, 2020.
             Killed by divine providence
             ... invoked by an orc priest
              (11 damage)
             ... on level 2 of the Dungeon.
             The game lasted 00:05:35 (1763 turns).

sahdkjhfkaj the Grave Robber (Mummy Necromancer)    Turns: 1763, Time: 00:05:35

Health: -2/24      AC:  3    Str: 11    XL:     3   Next: 71%
Magic:  0/7        EV: 12    Int: 15    God:
Gold:   33         SH:  0    Dex: 12    Spells: 4/8 levels left

rFire    x . .     SeeInvis .   (no weapon)
rCold    + . .     Faith    .   (no shield)
rNeg     + + +     Spirit   .   a - +0 robe
rPois    ∞         Reflect  .   (no helmet)
rElec    .         Harm     .   (no cloak)
rCorr    .         Rampage  .   c - +0 pair of gloves (curse)
MR       .....                  (no boots)
Stlth    ++........             (no amulet)
HPRegen  0.08/turn              (no ring)
MPRegen  0.10/turn              (no ring)

@: no status effects
A: no potions, fire vulnerability, cold resistance 1, negative energy resistance
3, torment resistance, unbreathing
a: no special abilities


You were on level 2 of the Dungeon.
You visited 1 branch of the dungeon, and saw 2 of its levels.

You collected 33 gold pieces.

Inventory:

Missiles
 b - 67 stones
Armour
 a - a +0 robe (worn)
 c - a cursed +0 pair of gloves (worn)
Scrolls
 d - a scroll of identify {unknown}
 e - a scroll of enchant weapon {unknown}


   Skills:
 - Level 1.5 Dodging
 - Level 1.5 Stealth
 - Level 3.0 Spellcasting
 - Level 5.0 Necromancy
 + Level 1.2 Evocations


You had 4 spell levels left.
You knew the following spells:

 Your Spells              Type           Power        Failure   Level
a - Pain                  Necr           ###.         2%          1
c - Vampiric Draining     Necr           ###.......   8%          3

Your spell library contained the following spells:

 Spells                   Type           Power        Failure   Level
 Animate Skeleton         Necr           ###...       2%          1
 Animate Dead             Necr           ###.......   26%         4
 Agony                    Necr           ###.....     56%         5


Dungeon Overview and Level Annotations

Branches:
Dungeon (2/15)

Altars:
Dithmenos


Innate Abilities, Weirdness & Mutations

You do not drink.
Your flesh is vulnerable to fire.
You are immune to poison.
Your flesh is cold resistant. (rC+)
You are immune to negative energy. (rN+++)
You are immune to unholy pain and torment.
You can survive without breathing.


Message History

Aiming: Pain (safe; 2% risk of failure)
Press: ? - help, Shift-Dir - straight line, f/p - orc priest
Aim: an orc priest, wielding a +0 dagger (moderately wounded, chance to defeat MR: 76%)
The orc priest writhes in agony.
The dart slug bites you. The orc priest completely misses you.
The orc closely misses you.
Unknown command.
Casting: Pain (safe; 2% risk of failure)
Confirm with . or Enter, or press ? or * to list all spells.
Aiming: Pain (safe; 2% risk of failure)
Press: ? - help, Shift-Dir - straight line, f/p - orc priest
Aim: an orc priest, wielding a +0 dagger (severely wounded, chance to defeat MR: 76%)
The orc priest writhes in agony.
The orc priest misses you. The orc barely misses you.
The dart slug barely misses you.
Unknown command.
Unknown command.
The dart slug launches a dart at you. The slug dart hits you.
The orc priest mumbles some strange prayers to Beogh against you.
Beogh smites you!
You die...

.# ...._.. ...# ..... #..#
# ..... #..# .. .... #..#
#####
##.####.####.)########...#
................(....'...'
#.#r.w.....†...##.###...#
#.....o.@......##.# #####
###)#.o....#...##.#
+......'..w##+#
#......##..# #......###.#
#......# #... #......#
##... #......# .#'
#......#


You could see an orc priest, a dart slug, an orc and a rat.

Vanquished Creatures
  2 adders
  A worm (D:2)
  A dart slug (D:2)
  A leopard gecko (D:2)
  An orc (D:2)
  A giant cockroach (D:1)
  A goblin (D:1)
  5 hobgoblins
  7 jackals
  6 bats
  A kobold (D:1)
  3 rats
30 creatures vanquished.

Notes
Turn   | Place    | Note
-------+----------+-------------------------------------------
     0 | D:1      | sahdkjhfkaj the Mummy Necromancer began the quest for the
                  | Orb.
     0 | D:1      | Reached XP level 1. HP: 13/13 MP: 4/4
   650 | D:1      | Reached XP level 2. HP: 19/19 MP: 2/5
  1229 | D:1      | Reached skill level 5 in Necromancy
  1229 | D:1      | Reached XP level 3. HP: 16/24 MP: 0/7
  1233 | D:1      | Learned a level 3 spell: Vampiric Draining
  1587 | D:2      | Reached skill level 1 in Evocations
  1753 | D:2      | Found a shadowy altar of Dithmenos.
  1763 | D:2      | Killed from afar by an orc priest

Illustrated notes

Levels and vault maps discovered:
D:1:      minmay_arrival_shattered_statue, layout_basic
D:2:      layout_basic, kennysheep_ying_yang, old_standard_altar

Skill      XL: |  1  2  3 |
---------------+----------+-----
Necromancy     | 5 |  5.0
Spellcasting   | 3 |  3.0
Evocations     | 1 |  1.2
Dodging        | |  1.5
Stealth        | |  1.5

Action                   || total
-------------------------++-------
Melee: Unarmed           ||    28
 Cast: Pain              ||    71
Armor: Robe              ||    12
Dodge: Dodged            ||    47

Table legend: (Time is in decaauts)
 A = Elapsed time spent in this place.
 B = Non-inter-level travel time spent in this place.
 C = Inter-level travel time spent in this place.
 D = Time resting spent in this place.
 E = Time spent auto-exploring this place.
 F = Levels seen in this place.
 G = Mean time per level.
                   A        B        C        D        E       F      G
               +--------+--------+--------+--------+--------+-----+--------+
         Total |   1763 |   1739 |     24 |     31 |   1202 |   2 |  881.5 |
       Dungeon |   1763 |   1739 |     24 |     31 |   1202 |   2 |  881.5 |
               +--------+--------+--------+--------+--------+-----+--------+

Top non-repeatable levels by time:
     D:1: 1337 daAuts
     D:2: 426 daAuts
